 Dungeon Crawl Stone Soup version 0.22-a0-402-ga933591 (webtiles) character file.

4351 KristoblXynda the Grappler (level 10, 0/83 HPs)
             Began as a Troll Wizard on May 7, 2018.
             Was an Initiate of Ashenzari.
             Slain by a two-headed ogre
             ... wielding a +0 giant spiked club
              (12 damage)
             ... on level 8 of the Dungeon.
             The game lasted 00:21:23 (6603 turns).

KristoblXynda the Grappler (Troll Wizard)           Turns: 6603, Time: 00:21:24

Health: 0/83       AC:  8    Str: 17    XL:     10   Next: 12%
Magic:  5/12       EV:  9    Int: 17    God:    Ashenzari [......]
Gold:   477        SH:  0    Dex:  8    Spells: 9/13 levels left

rFire    . . .     SeeInvis +     - Unarmed
rCold    . . .     Gourm    +   (no shield)
rNeg     . . .     Faith    .   y - +0 steam dragon scales
rPois    .         Spirit   .   b - +0 hat
rElec    .         Reflect  .   (no cloak)
rCorr    .         Harm     .   (gloves unavailable)
MR       .....                  (boots unavailable)
Stlth    +.........             (no amulet)
HPRegen  0.63/turn              k - ring of see invisible
MPRegen  0.13/turn              f - ring of wizardry (curse)

@: about to teleport
A: large, unfitting armour, claws 3, fast metabolism 3, gourmand, regeneration
1, shaggy fur 1, tough skin 2
a: Curse Item, Renounce Religion


You were on level 8 of the Dungeon.
You worshipped Ashenzari.
Ashenzari was noncommittal.
You were completely stuffed.

You visited 2 branches of the dungeon, and saw 9 of its levels.

You collected 477 gold pieces.

Inventory:

Armour
 b - a +0 hat (worn)
 y - +0 steam dragon scales (worn)
Jewellery
 f - a cursed ring of wizardry (right claw)
 k - a ring of see invisible (left claw)
 p - an uncursed ring of magical power
Wands
 n - a wand of clouds (5)
 v - a wand of paralysis (14)
 w - a wand of digging (13)
 x - a wand of polymorph (30)
Scrolls
 e - a scroll of enchant armour {unknown}
 g - a scroll of blinking {unknown}
 h - 5 scrolls of remove curse
 l - 2 scrolls of amnesia
 m - a scroll of enchant weapon
 t - a scroll of magic mapping
 u - a scroll of teleportation
 A - 2 scrolls of vulnerability {unknown}
 B - a scroll of fear {unknown}
Potions
 a - a potion of agility {unknown}
 c - a potion of haste
 i - 2 potions of brilliance
 j - 5 potions of curing
 o - a potion of cancellation
 q - a potion of might {unknown}
 r - a potion of heal wounds {unknown}
 s - a potion of resistance
Comestibles
 d - 16 rations
 z - 3 chunks of flesh


   Skills:
 + Level 0.4 Fighting
 - Level 1.5 Dodging
 - Level 1.0 Stealth
 + Level 10.3 Unarmed Combat
 - Level 2.0 Spellcasting
 * Level 8.0 Conjurations
   Level 0.6 Summonings
   Level 0.6 Translocations


You had 9 spell levels left.
You knew the following spells:

 Your Spells              Type           Power        Failure   Level  Hunger
a - Magic Dart            Conj           ####         1%          1    #......
b - Mephitic Cloud        Conj/Pois/Air  ##......     8%          3    ###....


Dungeon Overview and Level Annotations

Branches:
Dungeon (8/15)             Temple (1/1) D:5
   Lair: D:8-11

Altars:
Ashenzari
Cheibriados
Dithmenos
Elyvilon
Fedhas
Gozag
Hepliaklqana
Kikubaaqudgha
Makhleb
Nemelex Xobeh
Okawaru
Qazlal
Ru
Sif Muna
Trog
Uskayaw
Vehumet
Wu Jian
Yredelemnul
Zin
The Shining One


Innate Abilities, Weirdness & Mutations

You are too large for most types of armour.
You have claws for hands.
Your metabolism is lightning-fast.
You like to eat raw meat.
Your natural rate of healing is unusually fast.
You are covered in fur. (AC +1)
You have very tough skin. (AC +2)


Message History

Casting: Mephitic Cloud (safe; 8% risk of failure)
Confirm with . or Enter, or press ? or * to list all spells.
Aiming: Mephitic Cloud (safe; 8% risk of failure)
Press: ? - help, Shift-Dir - straight line, f/p - two-headed ogre
Aim: a two-headed ogre, wielding a giant spiked club and a dire flail (moderately wounded) That beam is likely to hit you.
Continue anyway?
The ball explodes into a vile cloud!
The stinking cloud engulfs the two-headed ogre.
The two-headed ogre is moderately wounded.
The stinking cloud engulfs you!
The two-headed ogre is engulfed in noxious fumes.
The two-headed ogre hits you with a giant spiked club!!
* * * LOW HITPOINT WARNING * * *
The two-headed ogre hits you but does no damage.
The two-headed ogre is engulfed in noxious fumes.
As you read the scroll of teleportation, it crumbles to dust.
You feel strangely unstable. The two-headed ogre barely misses you.
The two-headed ogre closely misses you.
The two-headed ogre hits you with a giant spiked club!
You die...

#.#.##.# #.# #.#.##.# #.#
########.#.##.#### #.#
.......)#.#.....# #.#
#........#.....####.## #
#..§.§...#............
##.##...§..........####.##
.......§..................
........O@.....#......#.##
...............#.#....#)#.
......#######..#.#<.......
#####. #..#.#....#.#. #.
#..#.#..#.#.#. #>
..............
#..#.##.#.#.#< #..#.
#.#.#.#. # ..#...#.


You could see a two-headed ogre.

Vanquished Creatures
  A two-headed ogre (D:8)
  A wizard (D:6)
  Psyche (D:8)
  Grinder (D:3)
  A hippogriff (D:8)
  Eustachio (D:5)
  A steam dragon (D:7)
  Duvessa (D:4)
  An orc warrior (D:7)
  A sky beast (D:6)
  An ice beast (D:8)
  A phantom (D:5)
  6 ogres
  A big kobold (D:6)
  Blork the orc (D:4)
  3 bullfrogs
  Dowan (D:4)
  A water moccasin zombie (D:5)
  A scorpion (D:4)
  2 howler monkeys
  4 crimson imps
  A centaur zombie (D:8)
  2 bullfrog zombies
  3 hounds
  2 jellies
  Jessica (D:2)
  An iguana (D:8)
  3 orc wizards
  Natasha (twice) (D:4)
  6 worker ants
  Robin (D:3)
  A worker ant zombie (D:8)
  4 gnolls (D:3)
  12 adders
  A worm (D:3)
  A dart slug (D:1)
  2 leopard geckos
  19 orcs
  A ball python (D:2)
  7 bats
  7 giant cockroaches
  2 gnoll zombies (D:6)
  14 goblins
  9 hobgoblins
  11 jackals
  5 quokkas
  10 frilled lizards
  A giant cockroach zombie (D:5)
  A jackal skeleton (D:4)
  27 kobolds
  2 leopard gecko skeletons
  9 rats
200 creatures vanquished.

Vanquished Creatures (others)
  A jackal (D:2)
  A kobold (D:6)
2 creatures vanquished.

Grand Total: 202 creatures vanquished

Notes
Turn   | Place    | Note
-------+----------+-------------------------------------------
     0 | D:1      | KristoblXynda the Troll Wizard began the quest for the Orb.
     0 | D:1      | Reached XP level 1. HP: 16/16 MP: 2/2
   119 | D:1      | Reached skill level 1 in Conjurations
   129 | D:1      | Reached skill level 1 in Unarmed Combat
   145 | D:1      | Reached XP level 2. HP: 22/24 MP: 4/4
   393 | D:1      | Reached XP level 3. HP: 31/31 MP: 5/5
   898 | D:2      | Reached skill level 2 in Unarmed Combat
   898 | D:2      | Reached XP level 4. HP: 39/39 MP: 6/6
  1109 | D:2      | Found a white marble altar of Elyvilon.
  1112 | D:2      | Found a stormy altar of Qazlal.
  1115 | D:2      | Found an ancient bone altar of Kikubaaqudgha.
  1139 | D:2      | Found a hazy altar of Hepliaklqana.
  1633 | D:2      | Noticed Jessica
  1641 | D:2      | Killed Jessica
  1641 | D:2      | Reached skill level 3 in Unarmed Combat
  1709 | D:2      | Reached XP level 5. HP: 44/45 MP: 7/7
  1711 | D:2      | Found a radiant altar of Vehumet.
  1890 | D:3      | Noticed Grinder
  1905 | D:3      | Killed Grinder
  1905 | D:3      | Reached skill level 4 in Unarmed Combat
  1905 | D:3      | Reached XP level 6. HP: 22/53 MP: 8/8
  2081 | D:3      | Noticed Robin
  2100 | D:3      | Killed Robin
  2456 | D:3      | Reached skill level 5 in Unarmed Combat
  2459 | D:3      | Found an iron altar of Okawaru.
  2499 | D:3      | Reached XP level 7. HP: 28/59 MP: 9/9
  2931 | D:4      | Noticed Blork the orc
  2937 | D:4      | Killed Blork the orc
  3354 | D:4      | Learned a level 3 spell: Mephitic Cloud
  3354 | D:4      | Noticed Natasha
  3366 | D:4      | Killed Natasha
  3366 | D:4      | Reached skill level 6 in Unarmed Combat
  3524 | D:4      | Noticed Natasha
  3532 | D:4      | Killed Natasha
  3643 | D:5      | Entered Level 5 of the Dungeon
  3648 | D:5      | Noticed Duvessa
  3653 | D:5      | Noticed Dowan
  3679 | D:4      | Killed Duvessa
  3679 | D:4      | Reached XP level 8. HP: 26/67 MP: 10/10
  3692 | D:4      | Killed Dowan
  3692 | D:4      | Reached skill level 5 in Conjurations
  4075 | D:5      | Noticed Eustachio
  4443 | D:5      | Reached skill level 7 in Unarmed Combat
  4497 | D:5      | Killed Eustachio
  4538 | D:5      | Found a staircase to the Ecumenical Temple.
  4551 | Temple   | Entered the Ecumenical Temple
  4642 | Temple   | Became a worshipper of Ashenzari the Shackled
  4814 | D:6      | Found a bloodstained altar of Trog.
  4815 | D:6      | Noticed a wizard
  4835 | D:6      | Killed a wizard
  4835 | D:6      | Reached skill level 8 in Unarmed Combat
  4835 | D:6      | Reached XP level 9. HP: 74/74 MP: 7/11
  5130 | D:6      | Found a basalt altar of Yredelemnul.
  5535 | D:7      | Reached skill level 9 in Unarmed Combat
  5573 | D:7      | Found a snail-covered altar of Cheibriados.
  5804 | D:7      | Found a glowing golden altar of the Shining One.
  5947 | D:7      | Found a deep blue altar of Sif Muna.
  6036 | D:8      | Noticed Psyche
  6050 | D:8      | Found a blossoming altar of Fedhas.
  6210 | D:8      | Killed Psyche
  6447 | D:8      | Noticed a two-headed ogre
  6462 | D:8      | Killed a two-headed ogre
  6462 | D:8      | Reached skill level 10 in Unarmed Combat
  6462 | D:8      | Reached XP level 10. HP: 26/81 MP: 9/12
  6587 | D:8      | Noticed a two-headed ogre
  6603 | D:8      | Slain by a two-headed ogre

Vault maps used:
D:1:      tarquinn_simple_flora_water_d
D:2:      fiery_altar_vehumet, grunt_temple_overflow_cloverleaf, uniq_jessica
D:3:      first_ration, nrook_mini_vaults, okawaru_trees_2, uniq_grinder,
          uniq_robin
D:4:      uniq_natasha, uniq_blork_the_orc
D:5:      minmay_temple_entry_mist, serial_park_tiny_1, uniq_eustachio,
          uniq_duvessa
D:6:      kennysheep_kobold_camp, lemuel_zombie_altar_yredelemnul, trog_wizard
D:7:      tso_oasis_becter, led_sif_pool, cheibriados_altar_1
D:8:      nicolae_overflow_crystal_walls, uniq_psyche
Temple:   nicolae_temple_hex_pool

Skill      XL: |  1  2  3  4  5  6  7  8  9 10 |
---------------+-------------------------------+-----
Conjurations   | 1 2 3 4 6 7 8 |  8.0
Unarmed Combat | 1 2 3 4 5 6 8 10 | 10.3
Fighting       | |  0.4
Dodging        | |  1.5
Stealth        | |  1.0
Spellcasting   | |  2.0
Summonings     | |  0.6
Translocations | |  0.6

Action                   |  1- 3 |  4- 6 |  7- 9 | 10-12 || total
-------------------------+-------+-------+-------+-------++-------
Melee: Unarmed           |    87 |   177 |   423 |    13 ||   700
       Punch             |       |     1 |    11 |     1 ||    13
 Cast: Magic Dart        |       |     1 |     3 |       ||     4
       Mephitic Cloud    |       |       |    11 |     3 ||    14
Invok: Curse Item        |       |       |     1 |       ||     1
Evoke: Wand              |       |       |     1 |       ||     1
  Use: Scroll            |       |     1 |    11 |     1 ||    13
       Potion            |       |       |     3 |       ||     3
 Stab: Sleeping          |     3 |     1 |     1 |       ||     5
       Confused          |       |       |     5 |       ||     5
  Eat: Chunk             |    13 |    15 |    38 |     2 ||    68
Armor: Robe              |    38 |    74 |   118 |       ||   230
       Steam dragon scal |       |       |    33 |     5 ||    38
Dodge: Dodged            |    41 |    69 |   209 |     8 ||   327

Table legend:
 A = Spawn XP
 B = Non-spawn XP
 C = Spawn XP percentage of total XP
 D = Spawn monster count
 E = Non-spawn monster count
 F = Spawn count percentage of total count
 G = Total turns spent on level
                    A         B        C        D         E        F      G
               +---------+---------+-------+---------+---------+-------+---------
         Total |       0 |    6216 |   0.0 |       0 |     199 |   0.0 |  6603
               +---------+---------+-------+---------+---------+-------+---------
           D:1 |       0 |      54 |   0.0 |       0 |      35 |   0.0 |   880
           D:2 |       0 |     145 |   0.0 |       0 |      21 |   0.0 |   993
           D:3 |       0 |     591 |   0.0 |       0 |      39 |   0.0 |   960
           D:4 |       0 |     712 |   0.0 |       0 |      16 |   0.0 |  1170
           D:5 |       0 |     625 |   0.0 |       0 |      23 |   0.0 |   577
           D:6 |       0 |    1130 |   0.0 |       0 |      30 |   0.0 |   769
           D:7 |       0 |     989 |   0.0 |       0 |      18 |   0.0 |   512
           D:8 |       0 |    1968 |   0.0 |       0 |      16 |   0.0 |   633
        Temple |       0 |       2 |   0.0 |       0 |       1 |   0.0 |   109
               +---------+---------+-------+---------+---------+-------+---------
